Unix NetHack Version 5.0.0-0 post-release - last build May 10 2026 23:12:36 (d1fa5d53e341ca933230fdaa984d921c805b60aa,branch:main).

Game began 2026-05-15 17:58:48, ended 2026-05-15 18:13:21.

DaveT, lawful male human Priest

                                                                  -----
    $$         -------                             ---------     #-.(%|
    $$  $      |......#  $         $               |.{.....|     [|.[)|
            $  |.....|#                            |.......-#    #|.%%|
               |.....|##     -----------           |.......|#    #|(?%|
               |.....| ##    |....(....|           ---.-----#    #-----
               |.....|  #####-..<......|           ####     #    #@1
               -+-.---       |.........|     $    ##       ##      # $$
                  ######     ----.------          #        #       #
                       ###       ####            ##        #-------#
           $             `##########################       #|.....|#
                                    ####       ----|---   ##-.....|#
           -----------    *        ----.--     |......|     |..(..-#
           |.........-###          |.....|     |......|     |.....|
           |.........|  ########   |..%...#    |>.....|     -------
      *    |.........|         ####-.....|###  |......|
           |......)..|   $         -------  ###.......|
           -----------                         --------              $
                 )                $                                   *

DaveT the Acolyte            St:10 Dx:15 Co:15 In:9 Wi:18 Ch:10  Lawful
Dlvl:6  $:236 HP:0(47) Pw:64(64) AC:-6 Xp:5 T:3164  Burdened Blind

Latest messages:
 You kill the jackal!
 The grid bug misses!
 You kill the grid bug!
 You hear someone counting gold coins.
 The grid bug bites!
 You avoid harm.
 You kill the grid bug!
 You see here a crude chain mail (for sale, 100 zorkmids).
 You see here a whistle (for sale, 13 zorkmids).
 You see here a food ration (for sale, 60 zorkmids).
 You see here a sling (for sale, 27 zorkmids).
 You see here a pancake (for sale, 20 zorkmids).
 You see here a pancake (for sale, 20 zorkmids).
 You see here a pancake (for sale, 20 zorkmids).
 You see here a pancake (for sale, 20 zorkmids).
 What do you want to drop? [$a-fijloprv-xzA-GI-KMO-Q or ?*] p
 You drop an expensive camera.
 Kabalebo offers 100 gold pieces for your expensive camera.  Sell it? [ynaq] (n) y
 You sold an expensive camera for 100 gold pieces.
 You miss the lichen.
 You kill the lichen!
 There is a lichen corpse here; eat it? [ynq] (n) y
 This lichen corpse tastes okay.
 You finish eating the lichen corpse.
 You hit the gnome lady!
 The gnome lady misses!
 You hit the gnome lady!
 The gnome lady hits!
 You feel tough!
 You must have been leading a healthy life-style.
 The gnome lady hits!
 You kill the gnome lady!
 You kill the acid blob!
 You miss the yellow light.
 The yellow light explodes!
 You are blinded by a blast of light!
 Wait!  There's something there you can't see!
 It misses!
 It misses!
 You kill it!
 You try to feel what is lying here on the ground.
 You feel here a newt corpse.
 You hit it.
 You are suddenly very cold!
 It misses!
 You hit it.
 You are suddenly very cold!
 You die...
 Do you want your possessions identified? [ynq] (y) y
 Do you want to see your attributes? [ynq] (y) q

Inventory:
 Coins    ('$')
  $ - 236 gold pieces
 Weapons  (')')
  O - 17 +0 arrows
  v - 4 cursed +0 darts (at the ready)
  a - a blessed +1 mace (weapon in left hand)
 Armor    ('[')
  G - a +2 helm of caution (being worn)
  r - a +0 pair of water walking boots (being worn)
  c - a blessed +2 small shield (being worn)
  b - a blessed +1 robe (being worn)
  o - a +0 splint mail (being worn)
 Comestibles  ('%')
  e - 2 cloves of garlic
  I - a cram ration
  l - 3 food rations
  f - 2 sprigs of wolfsbane
 Scrolls  ('?')
  x - 2 scrolls of confuse monster
  P - a scroll of enchant weapon
  J - a scroll of identify
 Spellbooks  ('+')
  E - a spellbook of create monster
 Potions  ('!')
  A - a potion of fruit juice
  F - a potion of gain energy
  z - 2 potions of healing
  j - a potion of speed
  d - 3 potions of holy water
 Rings    ('=')
  C - a blessed +1 ring of increase accuracy (on left hand)
 Wands    ('/')
  Q - a wand of digging (0:7)
  M - a wand of nothing (0:7)
 Tools    ('(')
  B - a bell
  w - a cursed blindfold
  D - a lock pick
  i - a magic marker (0:21)
 Gems/Stones  ('*')
  K - a worthless piece of white glass

DaveT the Priest's attributes:

Background:
 You were an Acolyte, a level 5 human Priest.
 You were lawful, nominally on a mission for Amaterasu Omikami
 who was opposed by Raijin (neutral) and Susanowo (chaotic).
 You were left-handed.
 You were in the Dungeons of Doom, on level 6.
 You entered the dungeon 3164 turns ago.
 You had 225 experience points, 95 more were needed to attain level 6.

Basics:
 You had 0 out of 47 hit points.
 You had all 64 energy points (spell power).
 Your armor class was -6.
 Your wallet contained 236 zorkmids.
 Autopickup was off.

Final Characteristics:
 Your strength was 10 (limit:18/100).
 Your dexterity was 15 (limit:18).
 Your constitution was 15 (limit:18).
 Your intelligence was 9 (limit:18).
 Your wisdom was 18 (limit:18).
 Your charisma was 10 (limit:18).

Final Status:
 You were temporarily blind.
 You weren't hungry.
 You were burdened; movement was slightly slowed.
 You were wielding a mace.
 You were skilled in mace.

Final Attributes:
 You were piously aligned.
 You were warned.
 You could walk on water.
 You had a small bonus to hit (+1).
 You were guarded.
 Your spell casting was impaired by metallic armor, mitigated by your robe.
 You are dead.

Miscellaneous:
 You didn't encounter any bones levels.
 Total elapsed playing time was 14 minutes and 32 seconds.

Major events:
 Turn
    1: DaveT the lawful human Priest entered the dungeon
  582: entered the Gnomish Mines
 1289: attained the rank of Acolyte (level 3)
 3164: killed by a blue jelly

Spells:
 Name                 Level Category     Fail Retention
 light                  1   clerical      67%   81%-90%
 extra healing          3   healing      100%  76%-100%
 detect monsters        1   divination    67%  76%-100%

Skills:
 Fighting Skills
   bare handed combat [Unskilled]
 Weapon Skills
   club               [Unskilled]
   mace               [Skilled]
   morning star       [Unskilled]
   flail              [Unskilled]
   hammer             [Unskilled]
   quarterstaff       [Unskilled]
   polearms           [Unskilled]
   spear              [Unskilled]
   trident            [Unskilled]
   lance              [Unskilled]
   bow                [Unskilled]
   sling              [Unskilled]
   crossbow           [Unskilled]
   dart               [Unskilled]
   shuriken           [Unskilled]
   boomerang          [Unskilled]
   unicorn horn       [Unskilled]
 Spellcasting Skills
   healing spells     [Unskilled]
   divination spells  [Unskilled]
   clerical spells    [Basic]

Voluntary challenges:
 Character rerolling was not enabled.
 You were an atheist.
 You never genocided any monsters.
 You never polymorphed an object.
 You never changed form.
 You used no wishes.
Achievements:
 You entered the Gnomish Mines.
 You entered a shop.
 You attained the rank of Acolyte.

 The Dungeons of Doom: levels 1 to 7
    Level 1:
    Level 2: "vualt"
       A general store, some fountains.
       Stairs down to The Gnomish Mines.
    Level 3:
       A bookstore, a fountain.
    Level 4:
       A grave.
    Level 5:
       A general store, a grave.
    Level 6: "vault" <- You were here.
       A general store, a fountain.
       Final resting place for
          you, killed by a blue jelly.
    Level 7:
 The Gnomish Mines:
    Level 3:


Vanquished creatures:
  a rock piercer
  a yellow light
  a gnome leader
  2 gray oozes
  2 floating eyes
  a kitten
  a homunculus
  a kobold shaman
  a rothe
  a giant bat
  a monkey
 an iguana
  2 acid blobs
  a hobgoblin
  4 giant rats
  a red mold
  2 gnomes
  3 geckos
  9 jackals
  2 goblins
  a sewer rat
 11 grid bugs
  3 lichens
  7 newts
60 creatures vanquished.

No species were genocided or became extinct.

Game over:
                       ----------
                      /          \
                     /    REST    \
                    /      IN      \
                   /     PEACE      \
                  /                  \
                  |      DaveT       |
                  |      236 Au      |
                  | killed by a blue |
                  |      jelly       |
                  |                  |
                  |                  |
                  |       2026       |
                 *|     *  *  *      | *
        _________)/\\_//(\/(/\)/\//\/|_)_______

Goodbye DaveT the Priest...

You died in The Dungeons of Doom on dungeon level 6 with 1453 points,
and 236 pieces of gold, after 3164 moves.
You were level 5 with a maximum of 47 hit points when you died.

